 Seeded DCSS version 0.30.1-9-gdf580d7c3d (webtiles) character file.

Game seed: 6351066067085065685 (custom seed)

6752 Esekla the Thaumaturge (level 10, -4/52 HPs)
             Began as a Deep Elf Wanderer on Oct 24, 2023.
             Was an Elder of Vehumet.
             Slain by a cyclops (30 damage)
             ... on level 9 of the Dungeon.
             The game lasted 01:16:10 (8004 turns).

Esekla the Thaumaturge (Deep Elf Wanderer)          Turns: 8004, Time: 01:16:11

Health: -4/52      AC:  6    Str: 11    XL:     10   Next: 75%
Magic:  22/29      EV: 14    Int: 23    God:    Vehumet [****..]
Gold:   643        SH:  5    Dex: 14    Spells: 16/35 levels left

rFire   . . .        s - +5 rapier of the Hero {heavy, rN+ Dex+3}
rCold   . . .        d - +0 buckler
rNeg    + . .        J - +0 robe
rPois   .            L - +1 helmet
rElec   .            D - +0 cloak
rCorr   .            l - +0 pair of gloves
SInv    .            (no boots)
Will    +....        z - amulet of magic regeneration
Stlth   ++           (no ring)
HPRegen 0.28/turn    (no ring)
MPRegen 0.61/turn

%: no passive effects
@: studying Fighting
A: no striking features
a: Renounce Religion


You were on level 9 of the Dungeon.
You worshipped Vehumet.
Vehumet was greatly pleased with you.
You visited 1 branch of the dungeon, and saw 9 of its levels.
You also visited: Bailey.

You collected 643 gold pieces.

Inventory:

Hand Weapons
 a - a +2 vampiric dagger
 c - a +4 scimitar
 r - a +4 trident of venom
 s - the +5 rapier of the Hero (weapon) {heavy, rN+ Dex+3}
   (You found it on level 3 of the Dungeon)

   Dex:       It affects your dexterity (+3).
   rN:        It protects you from negative energy.
 v - a +2 rapier of venom
 I - a +4 great sword
Missiles
 m - 3 boomerangs
 w - 29 poisoned darts (quivered)
 K - 6 curare-tipped darts
Armour
 d - a +0 buckler (worn)
 l - a +0 pair of gloves (worn)
 D - a +0 cloak (worn)
 J - a +0 robe (worn)
 L - a +1 helmet (worn)
Magical Staves
 f - a staff of fire
Jewellery
 z - an amulet of magic regeneration (around neck)
 N - a ring of magical power
Wands
 i - a wand of roots (12)
 B - a wand of flame (15)
 G - a wand of mindburst (3)
Scrolls
 g - 10 scrolls of identify {unknown}
 o - 2 scrolls of amnesia {unknown}
 p - a scroll of enchant armour {unknown}
 q - a scroll of immolation {unknown}
 u - 2 scrolls of fog {unknown}
 x - a scroll of silence {unknown}
 y - a scroll of magic mapping {unknown}
 A - 3 scrolls of noise {unknown}
 C - 3 scrolls of enchant weapon {unknown}
 E - a scroll of summoning {unknown}
 F - 2 scrolls of poison {unknown}
 H - 2 scrolls of teleportation {unknown}
 M - a scroll of torment {unknown}
 O - 5 scrolls of blinking {unknown}
 Q - a scroll of fear
 R - a scroll of acquirement
Potions
 b - 3 potions of lignification
 e - 2 potions of ambrosia {unknown}
 h - a potion of heal wounds
 j - 6 potions of curing
 k - 4 potions of haste {unknown}
 n - a potion of mutation {unknown}
 t - 3 potions of brilliance {unknown}
 P - 6 potions of attraction {unknown}


   Skills:
 * Level 1.5 Fighting
 + Level 2.9 Short Blades
 + Level 1.1 Throwing
 * Level 5.8 Dodging
 + Level 2.6 Stealth
 + Level 2.9 Shields
 * Level 13.3 Spellcasting
 + Level 3.7 Conjurations
 * Level 5.5 Necromancy
 + Level 3.7 Translocations
 + Level 3.4 Transmutations
 + Level 6.1 Fire Magic
 * Level 3.8 Air Magic
 * Level 4.4 Poison Magic
 + Level 1.0 Invocations
 + Level 0.3 Evocations


You had 16 spell levels left.
You knew the following spells:

 Your Spells              Type           Power      Damage    Failure   Level
a - Magic Dart            Conj           100%       1d8       1%          1
b - Blink                 Tloc           64%        N/A       1%          2
c - Mephitic Cloud        Conj/Pois/Air  33%        N/A       1%          3
d - Vampiric Draining     Necr           40%        2d8       1%          3
n - Ignite Poison         Fire/Tmut/Pois 36%        N/A       1%          3
o - Scorch                Fire           86%        2d8       1%          2
p - Apportation           Tloc           64%        N/A       1%          1
x - Olgreb's Toxic Radia  Pois           35%        N/A       2%          4

Your spell library contained the following spells:

 Spells                   Type           Power      Damage    Failure   Level
 Lesser Beckoning         Tloc           64%        N/A       1%          2
 Gell's Gravitas          Tloc           32%        N/A       3%          3
 Spider Form              Tmut/Pois      33%        N/A       3%          3
 Teleport Other           Tloc           32%        N/A       3%          3
 Cause Fear               Hex            7%         N/A       50%         4
 Summon Mana Viper        Hex/Summ       15%        N/A       85%         5


Dungeon Overview and Level Annotations

Branches:
Dungeon (9/15)             Temple (0/1) D:6          Bailey (visited)
   Lair: D:8-11         Orc: D:9-12

Altars:
Dithmenos
Fedhas
Hepliaklqana
Nemelex Xobeh
Okawaru
Qazlal
Trog
Uskayaw
Vehumet
Zin
The Shining One

Shops:
D:2 =   D:4 (

Annotations:
D:6 Blork the orc, Pikel


Message History

Apport: 22 gold pieces Yoink!
You pull the items towards yourself.
You now have 643 gold pieces (gained 22).
You see here a +0 halberd.
You see here a killer bee corpse.
You open the door.
A cyclops comes into view.
There is an open door here.
The cyclops throws a large rock.
The large rock hits you!!!
Ouch! That really hurt!
* * * LOW HITPOINT WARNING * * *
It was a potion of heal wounds.
You feel much better.
Casting: Apportation (safe; 1% risk of failure)
Confirm with . or Enter, or press ? or * to list all spells.
Aiming: Mephitic Cloud (safe; 1% risk of failure)
Press: ? - help, Shift-Dir - straight line, f - cyclops
Aim: a cyclops, quivering large rocks (chance to affect: 58%)
The ball explodes into a vile cloud!
The stinking cloud engulfs the cyclops but does no damage.
You hear a shout!
The cyclops is engulfed in noxious fumes.
Casting: Mephitic Cloud (safe; 1% risk of failure)
Confirm with . or Enter, or press ? or * to list all spells.
Aiming: Mephitic Cloud (safe; 1% risk of failure)
Press: ? - help, Shift-Dir - straight line, f/p - cyclops
Aim: a cyclops, quivering large rocks (chance to affect: 58%)
The ball explodes into a vile cloud!
The stinking cloud engulfs the cyclops but does no damage.
You hear a shout! x2
The cyclops is engulfed in noxious fumes.
The cyclops appears confused.
Casting: Mephitic Cloud (safe; 1% risk of failure)
Confirm with . or Enter, or press ? or * to list all spells.
Aiming: Vampiric Draining (safe; 1% risk of failure)
Press: ? - help, Shift-Dir - straight line, f/p - cyclops
Aim: a cyclops, quivering large rocks (confused)
You draw life force from the cyclops.
You feel life coursing into your body. The cyclops hits you!!
Ouch! That really hurt!
You die...

#......#.......
#..#......'.......
#..#...>..#.......
#..#......#.......
#+##§.#......#.......
#..○.○#......#.......
#+##..○☼.######.########
......○C......#.........
.......@......#......)..
......##'######......##+ .....
#..........#.#.... ....
#.........##.##.).
################.....#.#..###....
....................##.##..#..)##
.....................###[)###....
..................#..##..##.##...
..................#..###..#.#....


You could see a cyclops (confused).

Vanquished Creatures
  2 two-headed ogres
  2 orc knights (Bailey)
  Joseph (D:7)
  A kobold demonologist (D:9)
  2 steam dragons
  2 wyverns
  Menkaure (D:7)
  An ice beast (D:6)
  A sky beast (D:6)
  7 orc warriors (Bailey)
  A black bear (D:6)
  2 ogres
  A centaur (D:7)
  A phantom (D:7)
  3 kobold brigands
  3 gnoll sergeants
  A bullfrog (D:7)
  2 scorpions (D:5)
  3 wights (D:7)
  5 killer bees (D:9)
  2 quasits (D:7)
  2 gnoll boudas
  6 hounds
  A jelly (D:6)
  Crazy Yiuf (D:7)
  4 orc priests (D:8)
  A sleepcap (D:5)
  5 iguanas
  6 orc wizards
  26 gnolls
  9 adders
  A shadow imp (D:8)
  5 white imps
  4 ufetubi
  A worm (D:4)
  3 dart slugs
  48 orcs
  3 endoplasms
  9 goblins
  7 hobgoblins
  A quokka (D:1)
  6 ball pythons
  4 bats
  4 frilled lizards
  14 kobolds
  A rat (D:2)
216 creatures vanquished.

Vanquished Creatures (others)
  2 shadow imps (D:8)
2 creatures vanquished.

Grand Total: 218 creatures vanquished

Notes
Turn   | Place    | Note
-------+----------+-------------------------------------------
     0 | D:1      | Esekla the Deep Elf Wanderer began the quest for the Orb.
     0 | D:1      | Esekla set off with the following items: a +0 club, a
                  | potion of lignification, a +0 robe, a +0 buckler; and the
                  | following spells available to memorise: Apportation, Blink,
                  | Lesser Beckoning, Magic Dart, Ignite Poison, Vampiric
                  | Draining.
     0 | D:1      | Reached XP level 1. HP: 10/10 MP: 7/7
     2 | D:1      | Learned a level 1 spell: Magic Dart
     4 | D:1      | Learned a level 1 spell: Apportation
   259 | D:2      | Found Renulab's Jewellery Shop.
   546 | D:4      | Found a radiant altar of Vehumet.
   554 | D:4      | Found an iron altar of Okawaru.
   565 | D:4      | Found a glowing silver altar of Zin.
   647 | D:4      | Became a worshipper of Vehumet
   804 | D:3      | Reached skill level 1 in Dodging
   804 | D:3      | Reached XP level 2. HP: 15/15 MP: 3/9
   807 | D:3      | Learned a level 2 spell: Blink
  1110 | D:3      | Identified the +5 rapier of the Hero {heavy, rN+ Dex+3}
                  | (You found it on level 3 of the Dungeon)
  1291 | D:1      | Reached XP level 3. HP: 19/19 MP: 8/11
  1361 | D:1      | Reached skill level 5 in Spellcasting
  1369 | D:1      | Reached * piety under Vehumet
  1369 | D:1      | Offered knowledge of Shock by Vehumet.
  1372 | D:1      | Reached skill level 1 in Necromancy
  1377 | D:1      | Learned a level 3 spell: Vampiric Draining
  1741 | D:2      | Found a faded altar of an unknown god.
  1760 | D:2      | Reached XP level 4. HP: 19/24 MP: 5/13
  1761 | D:2      | Reached skill level 1 in Conjurations
  1883 | D:2      | Reached skill level 1 in Short Blades
  1948 | D:2      | Noticed a black bear
  2138 | D:3      | Found a stormy altar of Qazlal.
  2169 | D:3      | Found a hazy altar of Hepliaklqana.
  2171 | D:3      | Found a bloodstained altar of Trog.
  2180 | D:3      | Reached XP level 5. HP: 26/28 MP: 13/15
  2464 | D:5      | Entered Level 5 of the Dungeon
  2467 | D:5      | Got the Parchment of the Lumpy Olives
  2495 | D:5      | Found a shadowy altar of Dithmenos.
  2602 | D:5      | Reached skill level 6 in Spellcasting
  2628 | D:5      | Reached XP level 6. HP: 24/32 MP: 10/17
  2644 | D:5      | Offered knowledge of Scorch by Vehumet.
  2648 | D:5      | Learned a level 2 spell: Scorch
  2675 | D:5      | Reached ** piety under Vehumet
  2974 | D:4      | Found Ponaysk's Antique Weapon Boutique.
  3168 | D:4      | Reached skill level 7 in Spellcasting
  3173 | D:4      | Reached skill level 1 in Fire Magic
  3505 | D:4      | Found a glowing golden altar of the Shining One.
  3668 | D:4      | Reached XP level 7. HP: 18/36 MP: 10/19
  3905 | D:5      | Reached skill level 8 in Spellcasting
  4034 | D:6      | Noticed Blork the orc
  4042 | D:6      | Offered knowledge of Mephitic Cloud by Vehumet.
  4051 | D:5      | Learned a level 3 spell: Mephitic Cloud
  4055 | D:5      | Learned a level 3 spell: Ignite Poison
  4114 | D:6      | Found a staircase to the Ecumenical Temple.
  4431 | D:6      | Noticed Pikel
  4492 | D:7      | Found a runed translucent door.
  4544 | D:7      | Noticed Crazy Yiuf
  4552 | D:7      | Killed Crazy Yiuf
  4553 | D:7      | Reached XP level 8. HP: 35/41 MP: 13/22
  4636 | D:7      | Reached skill level 9 in Spellcasting
  4636 | D:7      | Reached skill level 1 in Transmutations
  4636 | D:7      | Reached skill level 1 in Poison Magic
  4710 | D:7      | Noticed Menkaure
  4714 | D:7      | Killed Menkaure
  4715 | D:7      | Reached skill level 1 in Air Magic
  4830 | D:7      | Reached *** piety under Vehumet
  4977 | D:7      | Reached skill level 10 in Spellcasting
  5231 | D:7      | Noticed Joseph
  5391 | D:7      | Reached skill level 5 in Fire Magic
  5563 | D:7      | Reached XP level 9. HP: 45/45 MP: 18/25
  5597 | D:7      | Killed Joseph
  5777 | D:6      | Offered knowledge of Dazzling Flash by Vehumet.
  5935 | D:6      | Found a blossoming altar of Fedhas.
  6233 | D:7      | Reached skill level 11 in Spellcasting
  6420 | D:8      | Reached **** piety under Vehumet
  6579 | D:8      | Offered knowledge of Olgreb's Toxic Radiance by Vehumet.
  6586 | D:8      | Learned a level 4 spell: Olgreb's Toxic Radiance
  6668 | D:8      | Found a transporter.
  6669 | D:8      | Found a transporter.
  6673 | D:8      | Found a transporter.
  6673 | D:8      | Found a transporter.
  6703 | D:8      | Noticed a two-headed ogre
  6716 | D:8      | Killed a two-headed ogre
  6717 | D:8      | Reached skill level 1 in Throwing
  6717 | D:8      | Reached skill level 5 in Dodging
  6724 | D:8      | Found a hide-covered altar of Uskayaw.
  7159 | D:9      | Found a flagged portal.
  7192 | Bailey   | Entered a bailey
  7213 | Bailey   | Reached XP level 10. HP: 42/50 MP: 24/27
  7266 | Bailey   | Reached skill level 12 in Spellcasting
  7435 | Bailey   | Identified the +2 bardiche of Puhoisos {heavy, rElec
                  | Stlth+}
  7447 | Bailey   | Noticed an orc knight
  7447 | Bailey   | Noticed an orc knight
  7460 | Bailey   | Killed an orc knight
  7461 | Bailey   | Reached skill level 5 in Necromancy
  7493 | Bailey   | Killed an orc knight
  7771 | D:9      | Reached skill level 13 in Spellcasting
  7828 | D:9      | Found a sparkling altar of Nemelex Xobeh.
  7874 | D:9      | Noticed a two-headed ogre
  7886 | D:9      | Killed a two-headed ogre
  7887 | D:9      | Reached skill level 1 in Fighting
  7998 | D:9      | Noticed a cyclops
  8004 | D:9      | Slain by a cyclops

Illustrated notes

Levels and vault maps discovered:
D:1:      sevenhm_arrival_forest_fort_small_3, layout_rooms,
          chequers_serial_rivers_room_b, minmay_misc_feat_five
D:2:      layout_loops_ring, dreamdust_ecumenical_altar_angels_and_demons,
          serial_shops, shop
D:3:      layout_basic, grunt_temple_overflow_open, minmay_misc_feat_iff
D:4:      layout_basic, nicolae_overflow_quartered_altars, serial_shops,
          nicolae_diamond_shop
D:5:      layout_loops_ring, lemuel_doored_altar, minmay_misc_feat_rows,
          dreamdust_wishing_well
D:6:      layout_loops_cross, fedhas_altar_fruit_tree,
          minmay_temple_entry_glass, uniq_pikel, uniq_blork_the_orc
D:7:      layout_basic, uniq_menkaure, uniq_joseph, uniq_crazy_yiuf_cottage
D:8:      layout_basic, nicolae_uskayaw_dance_hall, serial_demonic,
          serial_demonic_d, serial_demonic_a, serial_demonic_c,
          serial_demonic_c, nicolae_diode_quadrants
D:9:      layout_irregular_city, kennysheep_little_box, enter_bailey_4,
          minmay_between, uniq_harold

Skill      XL: |  1  2  3  4  5  6  7  8  9 10 |
---------------+-------------------------------+-----
Dodging        | 1 2 3 4 5 |  5.8
Spellcasting   | 5 6 7 8 10 11 13 | 13.3
Necromancy     | 1 2 3 4 5 |  5.5
Conjurations   | 1 2 3 |  3.7
Short Blades   | 1 2 |  2.9
Translocations | 3 |  3.7
Fire Magic     | 2 3 5 6 |  6.1
Stealth        | 2 |  2.6
Transmutations | 2 3 |  3.4
Poison Magic   | 2 3 4 |  4.4
Air Magic      | 2 3 |  3.8
Throwing       | 1 |  1.1
Shields        | 2 |  2.9
Fighting       | 1 |  1.5
Invocations    | |  1.0
Evocations     | |  0.3

Action                     |  1- 3 |  4- 6 |  7- 9 | 10-12 || total
---------------------------+-------+-------+-------+-------++-------
  Melee: Short sword       |    22 |       |       |       ||    22
         Rapier            |    20 |    28 |    48 |    26 ||   122
  Throw: Dart              |     2 |    15 |    11 |     5 ||    33
   Cast: Apportation       |    31 |    26 |    32 |     7 ||    96
         Magic Dart        |    42 |    46 |    17 |       ||   105
         Vampiric Draining |     3 |    11 |    25 |    18 ||    57
         Blink             |       |     4 |     3 |       ||     7
         Scorch            |       |    21 |   148 |    16 ||   185
         Mephitic Cloud    |       |       |    13 |    10 ||    23
         Ignite Poison     |       |       |     4 |     5 ||     9
         Olgreb's Toxic Ra |       |       |     1 |     5 ||     6
  Evoke: Wand              |       |       |    10 |       ||    10
    Use: Scroll            |     1 |       |     2 |       ||     3
         Potion            |       |     1 |       |     1 ||     2
   Stab: Sleeping          |     3 |     3 |     4 |       ||    10
         Confused          |       |       |     2 |       ||     2
 Armour: Robe              |    20 |     9 |    41 |    17 ||    87
  Dodge: Dodged            |    27 |    22 |   108 |    45 ||   202
  Block: Buckler           |     5 |     9 |    31 |    14 ||    59
